 Dungeon Crawl Stone Soup version 0.26-a0-653-g6669bab64c (webtiles) character file.

Game seed: 363145404302111841

6489 looop the Geomancer (level 11, -1/77 HPs)
             Began as an Octopode Earth Elementalist on Oct 4, 2020.
             Was an Initiate of Gozag.
             Slain by a wolf (11 damage)
             ... on level 1 of the Lair of Beasts.
             The game lasted 00:24:34 (11317 turns).

looop the Geomancer (Octopode Earth Elementalist)  Turns: 11317, Time: 00:24:34

Health: -1/77      AC:  1    Str:  7    XL:     11   Next: 0%
Magic:  11/22      EV: 15    Int: 21    God:    Gozag
Gold:   724        SH:  0    Dex: 13    Spells: 9/24 levels left

rFire    . . .     SeeInvis .   a - +1 mace (protect)
rCold    . . .     Faith    .   (no shield)
rNeg     . . .     Spirit   .   (helmet restricted)
rPois    .         Reflect  .   e - amulet of regeneration
rElec    .         Harm     .   (no ring)
rCorr    .         Rampage  .   (no ring)
MR       .....                  (no ring)
Stlth    +++.......             (no ring)
HPRegen  0.62/turn              (no ring)
MPRegen  0.18/turn              (no ring)
                                (no ring)
                                (no ring)

@: gold aura
A: almost no armour, stealthy swim, amphibious, 8 rings, constrict 8, camouflage
1, gelatinous body 1
a: Potion Petition, Call Merchant, Bribe Branch, Renounce Religion


You were on level 1 of the Lair of Beasts.
You worshipped Gozag.
Gozag was pleased with you.
You visited 3 branches of the dungeon, and saw 10 of its levels.

You collected 841 gold pieces.
You paid 117 gold pieces to Gozag.

Inventory:

Hand Weapons
 a - a +1 mace of protection (weapon)
 B - a +3 morningstar
 H - a +2 dagger of distortion
 I - a +0 dagger
Missiles
 b - 154 stones (quivered)
 m - 5 javelins
 n - 32 poisoned darts
 t - a boomerang of dispersal
 D - 3 curare-tipped darts
Jewellery
 e - an amulet of regeneration (around mantle)
Wands
 d - a wand of acid (17)
 r - a wand of digging (4)
 z - a wand of random effects (23)
Scrolls
 c - 3 scrolls of blinking {unknown}
 g - a scroll of enchant armour {unknown}
 i - 2 scrolls of fear {unknown}
 j - a scroll of noise {unknown}
 k - 3 scrolls of remove curse {unknown}
 l - 3 scrolls of random uselessness {unknown}
 q - 2 scrolls of teleportation
 u - a scroll of amnesia
 v - a scroll of enchant weapon
 w - a scroll of fog
 y - a scroll of magic mapping
 F - a scroll of immolation
Potions
 f - 2 potions of heal wounds
 h - a potion of curing {unknown}
 o - 2 potions of stabbing {unknown}
 p - 2 potions of ambrosia {unknown}
 s - a potion of magic
 x - a potion of cancellation {unknown}
 A - a potion of berserk rage {unknown}
 C - a potion of resistance {unknown}
 E - a potion of invisibility
 G - a potion of might {unknown}
 J - a potion of brilliance {unknown}


   Skills:
 - Level 8.0 Fighting
 - Level 4.0 Dodging
 - Level 2.6 Stealth
 + Level 7.3 Spellcasting
 - Level 2.0 Conjurations
 - Level 4.0 Transmutations
 + Level 10.8 Earth Magic


You had 9 spell levels left.
You knew the following spells:

 Your Spells              Type           Power        Failure   Level
a - Sandblast             Erth           ######       1%          1
b - Passwall              Tmut/Erth      #####...     1%          2
c - Stone Arrow           Conj/Erth      ####..       1%          3
d - Petrify               Tmut/Erth      #####...     4%          4
e - Lee's Rapid Deconstr  Erth           ######....   2%          5

Your spell library contained the following spells:

 Spells                   Type           Power        Failure   Level
 Animate Skeleton         Necr           #.....       9%          1
 Apportation              Tloc           #.....       9%          1
 Corona                   Hex            #......      9%          1
 Summon Small Mammal      Summ           #...         9%          1
 Leda's Liquefaction      Hex/Erth       ####......   9%          4
 Slow                     Hex            #.......     13%         2
 Inner Flame              Hex/Fire       #.......     26%         3
 Portal Projectile        Hex/Tloc       #.....       26%         3
 Cause Fear               Hex            #.........   63%         4


Dungeon Overview and Level Annotations

Branches:
Dungeon (8/15)             Temple (1/1) D:6            Lair (1/6) D:8

Altars:
Ashenzari
Cheibriados
Dithmenos
Elyvilon
Fedhas
Gozag
Hepliaklqana
Kikubaaqudgha
Makhleb
Nemelex Xobeh
Okawaru
Qazlal
Ru
Sif Muna
Trog
Uskayaw
Vehumet
Wu Jian
Xom
Yredelemnul
Zin
The Shining One

Shops:
D:7 [

Annotations:
D:4 Blork the orc


Innate Abilities, Weirdness & Mutations

You cannot wear most types of armour.
You are very stealthy in the water. (Stealth+)
You are amphibious.
You can wear up to eight rings at the same time.
You can use your tentacles to constrict eight enemies at once.
Your skin changes colour to match your surroundings (Stealth+).
Your rubbery body absorbs attacks. (AC +1, EV +1)


Message History

Casting: Lee's Rapid Deconstruction (dangerous; 2% risk of failure)
Confirm with . or Enter, or press ? or * to list all spells.
Press: ? - help, Dir - move target cursor A rock wall.
You constrict the wolf, but do no damage.
The wolf misses you. The wolf barely misses you. The wolf bites you.
* * * LOW HITPOINT WARNING * * *
The wolf misses you. The wolf completely misses you.
The wolf barely misses you.
You begin to meditate on the wall.
You continue meditating on the rock.
You constrict the wolf. The wolf bites you!
* * * LOW HITPOINT WARNING * * *
The wolf bites you but does no damage. The wolf closely misses you.
The wolf barely misses you. x2
You continue meditating on the rock.
You constrict the wolf. The wolf misses you. The wolf bites you!
* * * LOW HITPOINT WARNING * * *
The wolf bites you!
You die...
Your body crumbles into a pile of gold.

## ##
###.###.#
.h.....
#...# ..
#...#####.#
#....h@##.#
#....hh##.#
#......##.#
#.......#.#
#......##.#
#.........#
$
#......+..##
#########..#
######.##.##


You could see 3 wolves.

Vanquished Creatures
  A hydra (Lair:1)
  A two-headed ogre (D:8)
  5 cane toads (Lair:1)
  A hippogriff (D:5)
  Eustachio (D:6)
  2 yaks
  An orc warrior (D:6)
  A porcupine (Lair:1)
  2 phantoms
  A hornet zombie (D:8)
  A black bear (Lair:1)
  5 ogres
  3 centaurs
  A wolf (Lair:1)
  A crocodile (D:8)
  A big kobold (D:8)
  3 bullfrogs (D:8)
  2 scorpions
  4 wights (D:6)
  A howler monkey (D:8)
  A bullfrog zombie (D:5)
  A jelly (D:6)
  4 orc priests
  Crazy Yiuf (D:2)
  4 hounds
  6 orc wizards
  3 centaur skeletons
  An iguana (D:6)
  Natasha (thrice) (D:2)
  3 worker ants
  2 hound skeletons
  Robin (D:2)
  10 gnolls
  12 adders
  A shadow imp (D:7)
  4 white imps
  An ufetubus (D:5)
  5 oozes
  2 adder skeletons (D:5)
  A worm (D:3)
  3 dart slugs
  4 leopard geckos
  28 orcs
  A ball python (D:2)
  12 bats
  5 giant cockroaches
  20 goblins
  8 hobgoblins
  10 jackals (D:1)
  2 quokkas
  5 frilled lizards
  10 kobolds
  A leopard gecko skeleton (D:8)
  5 rats
218 creatures vanquished.

Vanquished Creatures (others)
  5 fungi (Lair:1)
  16 plants (Lair:1)
21 creatures vanquished.

Grand Total: 239 creatures vanquished

Notes
Turn   | Place    | Note
-------+----------+-------------------------------------------
     0 | D:1      | looop the Octopode Earth Elementalist began the quest for
                  | the Orb.
     0 | D:1      | Reached XP level 1. HP: 11/11 MP: 3/3
   107 | D:1      | Reached XP level 2. HP: 9/17 MP: 5/5
   696 | D:1      | Reached XP level 3. HP: 19/21 MP: 6/6
   813 | D:1      | Reached skill level 4 in Earth Magic
  1300 | D:2      | Learned a level 2 spell: Passwall
  1304 | D:2      | Learned a level 3 spell: Stone Arrow
  1314 | D:2      | Reached XP level 4. HP: 15/27 MP: 3/7
  1434 | D:2      | Reached skill level 1 in Fighting
  1704 | D:2      | Found a runed translucent door.
  1705 | D:2      | Noticed Crazy Yiuf
  1779 | D:2      | Reached XP level 5. HP: 33/33 MP: 7/9
  1956 | D:2      | Noticed Robin
  1963 | D:2      | Noticed Natasha
  2040 | D:2      | Learned a level 4 spell: Petrify
  2286 | D:2      | Killed Robin
  2366 | D:2      | Killed Natasha
  2366 | D:2      | Reached skill level 5 in Earth Magic
  2566 | D:2      | Killed Crazy Yiuf
  2566 | D:2      | Reached XP level 6. HP: 29/39 MP: 6/10
  2602 | D:2      | Noticed Natasha
  2620 | D:2      | Killed Natasha
  2793 | D:2      | Noticed Natasha
  2796 | D:2      | Killed Natasha
  3243 | D:3      | Found a glowing golden altar of the Shining One.
  4048 | D:4      | Reached XP level 7. HP: 24/45 MP: 9/12
  4155 | D:4      | Reached skill level 6 in Earth Magic
  4715 | D:4      | Noticed Blork the orc
  4772 | D:5      | Entered Level 5 of the Dungeon
  4779 | D:5      | Found a burning altar of Makhleb.
  4780 | D:5      | Noticed a cacodemon
  4781 | D:5      | Found a glowing silver altar of Zin.
  4782 | D:5      | Noticed an angel
  4970 | D:5      | You fall into a shaft and drop 3 floors!
  5212 | D:7      | Found Elapta Poell's Antique Armour Emporium.
  5432 | D:5      | Reached skill level 7 in Earth Magic
  5432 | D:5      | Reached XP level 8. HP: 14/54 MP: 11/14
  5444 | D:5      | Noticed a hippogriff
  5524 | D:5      | Killed a hippogriff
  5673 | D:5      | Learned a level 5 spell: Lee's Rapid Deconstruction
  6054 | D:6      | Reached skill level 8 in Earth Magic
  6121 | D:6      | Found a broken altar of Ashenzari.
  6359 | D:6      | Found a sacrificial altar of Ru.
  6443 | D:6      | Reached skill level 5 in Fighting
  6447 | D:6      | Reached XP level 9. HP: 33/61 MP: 4/16
  6721 | D:6      | Found a staircase to the Ecumenical Temple.
  7111 | D:6      | Found a glowing golden altar of the Shining One.
  7185 | Temple   | Entered the Ecumenical Temple
  7433 | Temple   | Became a worshipper of Gozag Ym Sagoz the Greedy
  7495 | D:6      | Reached skill level 9 in Earth Magic
  7603 | D:6      | Noticed Eustachio
  7638 | D:6      | Killed Eustachio
  7736 | D:6      | Found a broken altar of Ashenzari.
  8180 | D:7      | Found a blossoming altar of Fedhas.
  8180 | D:7      | Found a snail-covered altar of Cheibriados.
  8180 | D:7      | Found an iron altar of Okawaru.
  8180 | D:7      | Found a shimmering altar of Xom.
  8595 | D:8      | Noticed a death yak
  8615 | D:8      | Reached skill level 1 in Conjurations
  8793 | D:8      | Noticed a death yak
  8794 | D:8      | Noticed a death yak
  9002 | D:8      | Noticed a two-headed ogre
  9020 | D:8      | Killed a two-headed ogre
  9020 | D:8      | Reached skill level 10 in Earth Magic
  9020 | D:8      | Reached XP level 10. HP: 69/69 MP: 0/17
  9406 | D:8      | Found a staircase to the Lair.
 10721 | Lair:1   | Entered Level 1 of the Lair of Beasts
 10755 | Lair:1   | Reached skill level 5 in Spellcasting
 10821 | Lair:1   | Noticed a cane toad
 10828 | Lair:1   | Noticed a cane toad
 10829 | Lair:1   | Killed a cane toad
 10839 | Lair:1   | Killed a cane toad
 10862 | Lair:1   | Noticed a cane toad
 10906 | Lair:1   | Noticed a five-headed hydra
 10929 | Lair:1   | Killed a cane toad
 11078 | Lair:1   | Killed a five-headed hydra
 11086 | Lair:1   | Noticed a cane toad
 11202 | Lair:1   | Killed a cane toad
 11262 | Lair:1   | Noticed a cane toad
 11267 | Lair:1   | Killed a cane toad
 11313 | Lair:1   | Reached XP level 11. HP: 55/77 MP: 12/22
 11317 | Lair:1   | Slain by a wolf

Illustrated notes

Levels and vault maps discovered:
D:1:      dpeg_arrival_boxes_within_box, layout_basic
D:2:      layout_basic, uniq_crazy_yiuf_cottage, uniq_robin, uniq_natasha
D:3:      layout_basic, chequers_jeans, lemuel_tele_altar
D:4:      layout_gridville, uniq_blork_the_orc
D:5:      layout_basic, grunt_temple_overflow_order_and_chaos_2,
          minmay_misc_feat_nine_boxes
D:6:      layout_loops_corners, nicolae_ru_path_of_blood, kennysheep_little_box,
          minmay_temple_entry_offerings, basic_altar, ashenzari_altar_1,
          uniq_eustachio
D:7:      layout_loops_ring, grunt_temple_overflow_cloverleaf, serial_shops,
          shop
D:8:      layout_layer_cave, dpeg_lair_monsters
Temple:   minmay_temple_curvy_branch
Lair:1:   layout_regular_city, chequers_serial_rivers_micro_c,
          beast_lair_carwin_5, serial_bayou_shore_a, infiniplex_staircase_pool

Skill      XL: |  1  2  3  4  5  6  7  8  9 10 |
---------------+-------------------------------+-----
Earth Magic    | 4 5 7 8 10 | 10.8
Fighting       | 1 2 4 5 6 8 |  8.0
Spellcasting   | 3 4 7 |  7.3
Dodging        | 3 4 |  4.0
Conjurations   | 2 |  2.0
Transmutations | 4 |  4.0
Stealth        | |  2.6

Action                   |  1- 3 |  4- 6 |  7- 9 | 10-12 || total
-------------------------+-------+-------+-------+-------++-------
Melee: Unarmed           |    76 |       |       |       ||    76
       Tentacles         |    16 |    23 |    26 |     6 ||    71
       Constrict         |    20 |    40 |    33 |    12 ||   105
       Halberd           |       |    18 |       |       ||    18
       Mace              |       |   130 |   162 |    48 ||   340
Throw: Stone             |       |       |     1 |       ||     1
 Cast: Sandblast         |    17 |    44 |    43 |    30 ||   134
       Passwall          |       |     1 |       |     1 ||     2
       Petrify           |       |       |     6 |     1 ||     7
       Lee's Rapid Decon |       |       |    17 |    10 ||    27
       Stone Arrow       |       |       |    18 |    12 ||    30
Evoke: Wand              |       |       |       |     4 ||     4
  Use: Scroll            |       |       |     9 |     1 ||    10
       Potion            |       |       |     1 |       ||     1
 Stab: Sleeping          |     5 |    12 |     7 |     1 ||    25
       Distracted        |       |     1 |       |       ||     1
       Petrified         |       |       |    13 |       ||    13
       Paralysed         |       |       |       |     3 ||     3
Armor: Skin              |    12 |    37 |    56 |    17 ||   122
Dodge: Dodged            |    53 |   152 |   158 |    77 ||   440

Table legend: (Time is in decaauts)
 A = Elapsed time spent in this place.
 B = Non-inter-level travel time spent in this place.
 C = Inter-level travel time spent in this place.
 D = Time resting spent in this place.
 E = Time spent auto-exploring this place.
 F = Levels seen in this place.
 G = Mean time per level.
                   A        B        C        D        E       F      G
               +--------+--------+--------+--------+--------+-----+--------+
         Total |  11480 |  10925 |    555 |   2067 |   6179 |  10 | 1148.0 |
       Dungeon |  10609 |  10100 |    509 |   1806 |   5787 |   8 | 1326.1 |
        Temple |    270 |    224 |     46 |      0 |    223 |   1 |  270.0 |
          Lair |    600 |    600 |      0 |    261 |    169 |   1 |  600.0 |
               +--------+--------+--------+--------+--------+-----+--------+

Top non-repeatable levels by time:
     D:8: 2070 daAuts
     D:6: 1661 daAuts
     D:2: 1557 daAuts
     D:1: 1308 daAuts
     D:3: 1084 daAuts
     D:5: 1058 daAuts
     D:7: 976 daAuts
     D:4: 892 daAuts
  Lair:1: 600 daAuts
  Temple: 270 daAuts
